Map: World of Sleepers LE

Players

OoMARTYoO

  • Race: Protoss Protoss
  • League: Diamond
  • Spawn Location: 7:00

ViBE - Winner!

  • Race: Zerg Zerg
  • League: Diamond
  • Spawn Location: 1:00

VOD

Have the link to the VOD?

Description

Time

  • Played on: Dec. 19, 2019, 8:50 p.m.
  • Length: 4:13
Show
View Real Time Build Order
Export as new Build Order

OoMARTYoO Protoss 

Build Orders:  

Get SALT Encoding   

  12  0:01  Probe  
  13  0:13  Probe  
  14  0:18  Pylon  
  14  0:25  Probe  
  15  0:37  Gateway  
  15  0:39  Probe  
  16  0:47  Assimilator  
  16  0:51  Probe  
  17  1:00  Pylon  
  17  1:10  Forge  
  17  1:12  Probe  
  18  1:30  Pylon  
  18  1:32  Gateway  
  18  1:40  Probe  
  18  1:45  Photon Cannon  
  19  1:55  Photon Cannon  
  19  2:01  Photon Cannon  
  19  2:20  Cybernetics Core  
  19  2:22  Zealot  
  21  2:26  Gateway  
  21  2:30  Probe (Chrono Boost)  
  21  2:34  Assimilator  
  22  2:42  Probe (Chrono Boost)  
  23  2:49  Probe (Chrono Boost)  
  23  2:50  Zealot  
  26  2:56  Probe  
  27  3:07  Robotics Facility  
  27  3:15  Shield Battery, Stalker (Chrono Boost)  
  30  3:39  Shield Battery  
  26  3:42  Stalker (Chrono Boost)  
  26  3:49  Stalker (Chrono Boost)  
  28  3:56  Pylon  
  26  4:03  Pylon  
Show
View Real Time Build Order
Export as new Build Order

ViBE Zerg - Winner!

Build Orders: Hatch First 

Get SALT Encoding   

  12  0:01  Drone  
  13  0:13  Overlord  
  13  0:18  Drone  
  14  0:31  Drone x2  
  16  0:49  Hatchery  
  15  0:53  Drone  
  15  0:55  Drone  
  17  1:04  Drone  
  18  1:15  Spawning Pool  
  17  1:18  Extractor  
  17  1:20  Drone  
  17  1:22  Drone  
  18  1:29  Drone  
  19  1:46  Overlord  
  19  1:58  Extractor  
  19  2:06  Queen  
  19  2:07  Drone  
  19  2:08  Drone, Roach Warren  
  22  2:17  Hatchery  
  22  2:19  Overlord  
  21  2:47  Roach x3  
  21  2:49  Queen  
  29  3:00  Roach  
  31  3:10  Ravager x3  
  34  3:37  Roach x3  
  34  3:39  Drone x2  
  42  3:47  Ravager  
Tags
 
Add a new tag
Caveats
  • Supply blocks, unpowered buildings, or Contaminate may cause inaccurate times.
  • Supply counts are checked every 10 seconds.